[ AOE2 MATCH · #484154232 ]
UnrankedItalians vs Muisca
[ REPLAY ANALYSIS · EXTRACTED FROM THE RECORDED GAME ]
Feudal
12:35
Castle
22:05
Imperial
—
| APM avg | 35.3 |
| APM peak | 99 |
| eAPM avg | 14.1 |
| Villagers / military | 75 / 93 |
Focus
⚔️ 37.7% · 🌾 62.3%
Archer ×40 · Genoese Crossbowman ×34 · Spearman ×17 · Mangonel ×2
Feudal
11:38
Castle
16:16
Imperial
36:41
| APM avg | 31.4 |
| APM peak | 71 |
| eAPM avg | 15.2 |
| Villagers / military | 110 / 184 |
Focus
⚔️ 35.9% · 🌾 64.1%
Unknown (882) ×197 · Spearman ×166 · Knight ×15 · Trebuchet (Packed) ×3
Feudal
11:24
Castle
17:17
Imperial
34:57
| APM avg | 24.4 |
| APM peak | 67 |
| eAPM avg | 12.4 |
| Villagers / military | 124 / 93 |
Focus
⚔️ 27.1% · 🌾 72.9%
Spearman ×41 · Monk ×20 · Scorpion ×14 · Battering Ram ×13 · Unknown (2562) ×13 · Unknown (2586) ×12
Feudal
10:27
Castle
18:33
Imperial
42:50
| APM avg | 33.7 |
| APM peak | 61 |
| eAPM avg | 14.9 |
| Villagers / military | 105 / 258 |
Focus
⚔️ 35.0% · 🌾 65.0%
Skirmisher ×136 · Archer ×114 · Spearman ×4 · Mangonel ×3 · Battering Ram ×1
Feudal
10:05
Castle
14:05
Imperial
23:33
| APM avg | 28.9 |
| APM peak | 58 |
| eAPM avg | 12.8 |
| Villagers / military | 85 / 123 |
Focus
⚔️ 25.1% · 🌾 74.9%
Hand Cannoneer ×92 · Scout Cavalry ×20 · Bombard Cannon ×10 · Monk ×1
Feudal
—
Castle
—
Imperial
—
| APM avg | 21.1 |
| APM peak | 63 |
| eAPM avg | 12.2 |
| Villagers / military | 145 / 99 |
Focus
⚔️ 27.0% · 🌾 73.0%
Knight ×61 · Scorpion ×16 · Skirmisher ×11 · Scout Cavalry ×6 · Monk ×3 · Spearman ×2
Feudal
12:03
Castle
20:15
Imperial
44:05
| APM avg | 31.3 |
| APM peak | 82 |
| eAPM avg | 15.7 |
| Villagers / military | 126 / 137 |
Focus
⚔️ 19.5% · 🌾 80.5%
Scorpion ×44 · Spearman ×41 · Knight ×35 · Ballista Elephant ×9 · Scout Cavalry ×8
Feudal
10:01
Castle
20:48
Imperial
41:43
| APM avg | 25.2 |
| APM peak | 66 |
| eAPM avg | 13.7 |
| Villagers / military | 147 / 110 |
Focus
⚔️ 28.9% · 🌾 71.1%
Knight ×103 · Scout Cavalry ×5 · Monk ×1 · Spearman ×1
Match map
Initial resources + every placement click. Lines = walls · curves = elevation contours. ◆ gold · ⬟ stone · ● berries · ✦ relic · ◌ wall gap
Your base· Open — unwalled flank
zenobi's base· Open — unwalled flank
HighTower's base· Open — unwalled flank
MLT | M4G1K's base· Open — unwalled flank
HAHA's base· Open — unwalled flank
gabriel4351's base· Open — unwalled flank
Soul Ledger's base· Open — unwalled flank
SJT's base· Open — unwalled flank
Smoothed initial terrain · ◌ = detected wall gap · hover for details
Inputs per minute
— John Wick Jr. - - zenobi
Build order — John Wick Jr.
First 150 of 264 actions detected
| 0:01 | Create | Villager (Male) |
| 0:01 | Create | Villager (Male) |
| 0:02 | Create | Villager (Male) |
| 0:02 | Create | Villager (Male) |
| 0:03 | Create | Villager (Male) |
| 0:06 | Build | House |
| 0:08 | Build | House |
| 1:37 | Create | Villager (Male) |
| 1:37 | Create | Villager (Male) |
| 2:11 | Create | Villager (Male) |
| 2:12 | Create | Villager (Male) |
| 2:33 | Create | Villager (Male) |
| 2:33 | Create | Villager (Male) |
| 3:06 | Create | Villager (Male) |
| 3:07 | Create | Villager (Male) |
| 3:27 | Create | Villager (Male) |
| 4:31 | Build | House |
| 4:35 | Create | Villager (Male) |
| 5:14 | Create | Villager (Male) |
| 5:15 | Create | Villager (Male) |
| 5:15 | Create | Villager (Male) |
| 5:23 | Create | Villager (Male) |
| 6:04 | Create | Villager (Male) |
| 6:04 | Create | Villager (Male) |
| 6:05 | Create | Villager (Male) |
| 6:32 | Create | Villager (Male) |
| 7:10 | Build | House |
| 7:13 | Build | House |
| 7:43 | Build | Barracks |
| 8:06 | Build | Lumber Camp |
| 8:36 | Research | Loom |
| 9:31 | Build | Mining Camp |
| 9:49 | Create | Villager (Male) |
| 10:25 | Research | Feudal Age |
| 11:06 | Create | Villager (Male) |
| 11:06 | Create | Villager (Male) |
| 11:45 | Build | House |
| 12:32 | Create | Villager (Male) |
| 12:32 | Create | Villager (Male) |
| 12:35 | Age | Feudal Age |
| 12:54 | Build | Archery Range |
| 14:12 | Create | Archer |
| 14:12 | Create | Archer |
| 14:13 | Create | Archer |
| 14:42 | Build | Archery Range |
| 14:51 | Build | Gate |
| 15:03 | Create | Villager (Male) |
| 15:10 | Create | Archer |
| 15:10 | Create | Archer |
| 15:22 | Create | Archer |
| 15:42 | Create | Villager (Male) |
| 15:42 | Create | Villager (Male) |
| 16:44 | Create | Villager (Male) |
| 16:45 | Create | Villager (Male) |
| 17:15 | Create | Villager (Male) |
| 17:15 | Create | Villager (Male) |
| 17:25 | Build | Mill |
| 17:38 | Create | Villager (Male) |
| 17:38 | Create | Villager (Male) |
| 18:02 | Create | Villager (Male) |
| 18:08 | Create | Archer |
| 18:08 | Create | Archer |
| 18:48 | Build | Blacksmith |
| 18:51 | Create | Villager (Male) |
| 19:25 | Research | Castle Age |
| 19:26 | Research | Fletching |
| 19:29 | Create | Archer |
| 19:29 | Create | Archer |
| 19:30 | Create | Archer |
| 19:41 | Build | House |
| 19:43 | Build | House |
| 19:58 | Create | Archer |
| 19:58 | Create | Archer |
| 20:00 | Create | Villager (Male) |
| 20:01 | Create | Villager (Male) |
| 20:25 | Build | House |
| 20:35 | Build | Stone Wall |
| 20:37 | Create | Villager (Male) |
| 20:38 | Create | Villager (Male) |
| 20:40 | Create | Archer |
| 20:40 | Create | Archer |
| 21:25 | Build | House |
| 21:26 | Build | Stone Wall |
| 21:40 | Build | House |
| 21:41 | Build | House |
| 21:53 | Research | Padded Archer Armor |
| 22:04 | Build | House |
| 22:05 | Age | Castle Age |
| 22:06 | Build | House |
| 22:12 | Build | Siege Workshop |
| 23:04 | Create | Villager (Male) |
| 23:05 | Create | Villager (Male) |
| 23:14 | Build | Mining Camp |
| 23:20 | Create | Archer |
| 23:20 | Create | Archer |
| 23:25 | Create | Mangonel |
| 23:37 | Build | House |
| 23:38 | Build | House |
| 24:13 | Create | Archer |
| 25:01 | Create | Archer |
| 25:02 | Create | Archer |
| 25:02 | Create | Archer |
| 25:02 | Create | Archer |
| 25:38 | Create | Archer |
| 25:38 | Create | Archer |
| 25:39 | Create | Archer |
| 26:16 | Create | Archer |
| 26:17 | Create | Archer |
| 26:17 | Create | Archer |
| 27:50 | Create | Archer |
| 27:50 | Create | Archer |
| 28:47 | Create | Archer |
| 28:47 | Create | Archer |
| 28:47 | Create | Archer |
| 28:48 | Create | Archer |
| 28:48 | Create | Archer |
| 28:58 | Research | Crossbowman (upgrade) |
| 29:02 | Create | Archer |
| 29:03 | Create | Archer |
| 29:03 | Create | Archer |
| 29:08 | Build | Farm |
| 29:10 | Build | Farm |
| 29:11 | Build | Farm |
| 29:13 | Build | Farm |
| 29:15 | Build | Farm |
| 29:58 | Create | Archer |
| 29:58 | Create | Archer |
| 30:30 | Build | Farm |
| 32:43 | Build | Town Center |
| 33:53 | Build | Barracks |
| 33:53 | Build | Barracks |
| 33:54 | Build | Barracks |
| 33:54 | Build | Barracks |
| 34:31 | Build | Mining Camp |
| 34:46 | Create | Villager (Male) |
| 34:46 | Create | Villager (Male) |
| 34:51 | Build | Farm |
| 34:52 | Build | Farm |
| 34:53 | Build | Farm |
| 34:54 | Build | Farm |
| 34:58 | Build | Farm |
| 35:00 | Create | Villager (Male) |
| 35:32 | Create | Villager (Male) |
| 35:32 | Create | Villager (Male) |
| 35:40 | Build | Farm |
| 35:47 | Create | Spearman |
| 35:47 | Create | Spearman |
| 36:02 | Build | Farm |
| 36:03 | Build | Farm |
| 36:05 | Build | Farm |
Build order — zenobi
First 150 of 394 actions detected
| 0:00 | Create | Villager (Male) |
| 0:01 | Create | Villager (Male) |
| 0:01 | Create | Villager (Male) |
| 0:02 | Create | Villager (Male) |
| 0:02 | Create | Villager (Male) |
| 0:03 | Build | House |
| 0:06 | Build | House |
| 1:25 | Create | Villager (Male) |
| 2:11 | Create | Villager (Male) |
| 2:12 | Create | Villager (Male) |
| 2:38 | Create | Villager (Male) |
| 2:44 | Build | Lumber Camp |
| 3:00 | Create | Villager (Male) |
| 3:17 | Create | Villager (Male) |
| 3:48 | Build | Mill |
| 4:18 | Create | Villager (Male) |
| 4:19 | Create | Villager (Male) |
| 4:19 | Create | Villager (Male) |
| 4:24 | Build | House |
| 5:03 | Create | Villager (Male) |
| 5:03 | Create | Villager (Male) |
| 5:34 | Create | Villager (Male) |
| 5:34 | Create | Villager (Male) |
| 5:57 | Create | Villager (Male) |
| 6:15 | Create | Villager (Male) |
| 6:19 | Build | House |
| 7:16 | Create | Villager (Male) |
| 7:45 | Create | Villager (Male) |
| 7:45 | Create | Villager (Male) |
| 8:46 | Build | Mining Camp |
| 8:49 | Create | Villager (Male) |
| 9:28 | Research | Feudal Age |
| 10:53 | Build | Barracks |
| 11:22 | Build | Barracks |
| 11:25 | Create | Villager (Male) |
| 11:25 | Create | Villager (Male) |
| 11:31 | Create | Villager (Male) |
| 11:32 | Research | Loom |
| 11:38 | Age | Feudal Age |
| 11:57 | Build | Market |
| 12:01 | Build | Blacksmith |
| 12:09 | Build | House |
| 12:20 | Build | Farm |
| 12:21 | Build | Farm |
| 12:33 | Build | House |
| 12:38 | Build | House |
| 13:13 | Create | Villager (Male) |
| 13:13 | Create | Villager (Male) |
| 13:31 | Build | Farm |
| 13:33 | Build | Farm |
| 13:36 | Research | Castle Age |
| 13:44 | Build | Barracks |
| 14:23 | Research | Horse Collar |
| 14:44 | Research | Double-Bit Axe |
| 14:58 | Build | Farm |
| 14:59 | Build | Farm |
| 15:17 | Create | Spearman |
| 15:17 | Create | Spearman |
| 15:18 | Create | Spearman |
| 15:47 | Build | Farm |
| 16:05 | Create | Spearman |
| 16:05 | Create | Spearman |
| 16:16 | Age | Castle Age |
| 16:18 | Create | Villager (Male) |
| 16:18 | Create | Villager (Male) |
| 16:23 | Build | Farm |
| 16:27 | Build | Farm |
| 16:31 | Create | Villager (Male) |
| 17:23 | Build | Town Center |
| 17:46 | Research | Pikeman (upgrade) |
| 17:49 | Create | Spearman |
| 17:49 | Create | Spearman |
| 17:49 | Create | Spearman |
| 18:08 | Create | Villager (Male) |
| 19:32 | Create | Villager (Male) |
| 19:40 | Build | Farm |
| 19:40 | Build | Farm |
| 19:41 | Build | Farm |
| 19:43 | Build | Farm |
| 19:44 | Build | Farm |
| 19:47 | Create | Villager (Male) |
| 19:49 | Create | Villager (Male) |
| 19:51 | Create | Villager (Male) |
| 20:56 | Create | Villager (Male) |
| 20:56 | Create | Villager (Male) |
| 20:56 | Create | Villager (Male) |
| 20:56 | Create | Villager (Male) |
| 20:56 | Create | Villager (Male) |
| 20:57 | Create | Villager (Male) |
| 21:07 | Create | Villager (Male) |
| 21:08 | Create | Villager (Male) |
| 21:27 | Build | Town Center |
| 21:36 | Build | Mining Camp |
| 21:42 | Build | House |
| 21:42 | Build | House |
| 21:42 | Build | House |
| 21:42 | Build | House |
| 21:43 | Build | House |
| 21:43 | Build | House |
| 21:43 | Build | House |
| 21:50 | Create | Villager (Male) |
| 21:51 | Create | Villager (Male) |
| 21:52 | Create | Villager (Male) |
| 21:52 | Create | Villager (Male) |
| 21:57 | Create | Spearman |
| 21:57 | Create | Spearman |
| 21:57 | Create | Spearman |
| 21:57 | Create | Spearman |
| 22:27 | Create | Spearman |
| 22:27 | Create | Spearman |
| 22:28 | Create | Spearman |
| 22:29 | Create | Spearman |
| 23:17 | Build | Farm |
| 23:17 | Build | Farm |
| 23:19 | Build | Farm |
| 23:20 | Build | Farm |
| 23:24 | Build | Farm |
| 23:27 | Research | Heavy Plow |
| 23:32 | Create | Villager (Male) |
| 23:34 | Create | Villager (Male) |
| 23:53 | Create | Spearman |
| 23:54 | Create | Spearman |
| 24:25 | Create | Villager (Male) |
| 24:26 | Create | Villager (Male) |
| 24:27 | Create | Villager (Male) |
| 24:44 | Research | Bow Saw |
| 26:02 | Create | Villager (Male) |
| 26:03 | Create | Villager (Male) |
| 26:03 | Create | Villager (Male) |
| 26:18 | Build | Farm |
| 26:20 | Build | Farm |
| 26:22 | Build | Farm |
| 26:34 | Create | Villager (Male) |
| 26:34 | Create | Villager (Male) |
| 26:35 | Create | Villager (Male) |
| 27:16 | Build | Castle |
| 27:19 | Create | Villager (Male) |
| 27:20 | Create | Villager (Male) |
| 27:21 | Create | Villager (Male) |
| 27:22 | Create | Villager (Male) |
| 27:22 | Create | Villager (Male) |
| 27:30 | Build | Farm |
| 27:31 | Build | Farm |
| 27:35 | Create | Spearman |
| 27:35 | Create | Spearman |
| 27:35 | Create | Spearman |
| 27:35 | Create | Spearman |
| 27:36 | Create | Spearman |
| 27:36 | Create | Spearman |
| 27:36 | Create | Spearman |
Build order — HighTower
First 150 of 307 actions detected
| 0:04 | Create | Villager (Male) ×4 |
| 0:06 | Build | House |
| 0:08 | Build | House |
| 1:28 | Create | Villager (Male) |
| 1:28 | Create | Villager (Male) |
| 2:06 | Create | Villager (Male) |
| 2:40 | Create | Villager (Male) |
| 3:01 | Create | Villager (Male) |
| 3:01 | Create | Villager (Male) |
| 3:12 | Build | Settlement |
| 4:08 | Create | Villager (Male) |
| 4:08 | Create | Villager (Male) |
| 4:09 | Create | Villager (Male) |
| 4:55 | Create | Villager (Male) |
| 4:55 | Create | Villager (Male) |
| 5:36 | Build | Settlement |
| 5:39 | Create | Villager (Male) |
| 6:00 | Create | Villager (Male) |
| 6:00 | Create | Villager (Male) |
| 6:28 | Create | Villager (Male) |
| 6:28 | Create | Villager (Male) |
| 6:28 | Create | Villager (Male) |
| 6:37 | Create | Villager (Male) |
| 6:38 | Create | Villager (Male) |
| 7:21 | Build | Outpost |
| 8:18 | Build | Outpost |
| 8:46 | Build | Settlement |
| 8:49 | Research | Loom |
| 8:50 | Research | Feudal Age |
| 9:14 | Build | Palisade Wall |
| 10:42 | Build | House |
| 11:16 | Build | House |
| 11:24 | Age | Feudal Age |
| 11:27 | Create | Villager (Male) |
| 11:28 | Create | Villager (Male) |
| 11:49 | Build | Farm |
| 11:50 | Build | Farm |
| 12:00 | Build | Barracks |
| 12:15 | Create | Villager (Male) |
| 12:47 | Create | Villager (Male) |
| 13:05 | Build | Archery Range |
| 13:20 | Build | Gate |
| 13:26 | Build | House |
| 13:34 | Create | Villager (Male) |
| 13:34 | Create | Villager (Male) |
| 14:08 | Build | Market |
| 14:23 | Build | Blacksmith |
| 14:37 | Research | Castle Age |
| 14:43 | Research | Double-Bit Axe |
| 15:26 | Build | House |
| 15:43 | Build | Farm |
| 16:12 | Build | House |
| 16:18 | Build | Farm |
| 16:22 | Build | Farm |
| 16:26 | Build | Farm |
| 16:57 | Build | Gate |
| 17:09 | Build | Stone Wall |
| 17:17 | Age | Castle Age |
| 17:37 | Create | Spearman |
| 17:37 | Create | Spearman |
| 17:56 | Build | Barracks |
| 18:05 | Research | Bow Saw |
| 18:07 | Create | Villager (Male) |
| 18:07 | Create | Villager (Male) |
| 18:24 | Build | Monastery |
| 18:30 | Create | Villager (Male) |
| 18:31 | Create | Villager (Male) |
| 18:46 | Build | Farm |
| 18:50 | Create | Villager (Male) |
| 18:59 | Build | Settlement |
| 19:04 | Build | House |
| 19:05 | Build | House |
| 19:20 | Build | Farm |
| 19:22 | Create | Villager (Male) |
| 19:37 | Build | Siege Workshop |
| 19:45 | Build | Farm |
| 20:02 | Build | Town Center |
| 20:04 | Research | Pikeman (upgrade) |
| 20:08 | Create | Spearman |
| 20:11 | Create | Monk |
| 20:11 | Create | Monk |
| 20:18 | Build | Farm |
| 20:20 | Build | Farm |
| 20:21 | Build | Farm |
| 20:23 | Create | Villager (Male) |
| 20:23 | Create | Villager (Male) |
| 20:42 | Build | House |
| 20:43 | Build | House |
| 21:09 | Create | Monk |
| 21:23 | Build | Farm |
| 21:24 | Build | Farm |
| 21:24 | Build | Farm |
| 21:25 | Build | Farm |
| 21:25 | Build | Farm |
| 21:32 | Create | Villager (Male) |
| 21:35 | Create | Villager (Male) |
| 21:36 | Create | Villager (Male) |
| 21:44 | Create | Spearman |
| 21:58 | Create | Battering Ram |
| 22:03 | Create | Monk |
| 22:13 | Create | Villager (Male) |
| 22:13 | Create | Villager (Male) |
| 22:36 | Build | Monastery |
| 22:52 | Research | Fervor |
| 23:11 | Create | Villager (Male) |
| 23:11 | Create | Villager (Male) |
| 23:16 | Build | Farm |
| 23:17 | Build | Farm |
| 23:18 | Build | Farm |
| 23:21 | Create | Villager (Male) |
| 23:21 | Create | Villager (Male) |
| 23:27 | Create | Spearman |
| 23:28 | Create | Spearman |
| 23:28 | Create | Spearman |
| 23:43 | Build | Siege Workshop |
| 24:07 | Research | Redemption |
| 24:15 | Research | Squires |
| 24:16 | Create | Spearman ×5 |
| 24:16 | Create | Spearman ×5 |
| 24:51 | Create | Spearman ×5 |
| 25:06 | Create | Mangonel |
| 25:19 | Build | House |
| 25:20 | Build | House |
| 25:20 | Build | House |
| 25:27 | Research | Scale Mail Armor |
| 25:47 | Create | Spearman ×5 |
| 25:48 | Create | Spearman |
| 25:51 | Build | Farm |
| 25:52 | Build | Farm |
| 25:52 | Build | Farm |
| 25:52 | Build | Farm |
| 25:54 | Build | Farm |
| 25:54 | Build | Farm |
| 25:54 | Build | Farm |
| 25:54 | Build | Farm |
| 25:55 | Build | Farm |
| 26:16 | Create | Monk |
| 26:16 | Create | Monk |
| 26:20 | Create | Spearman ×5 |
| 26:24 | Create | Scorpion |
| 26:32 | Build | Farm |
| 26:37 | Create | Villager (Male) |
| 26:37 | Create | Villager (Male) |
| 27:54 | Create | Battering Ram |
| 27:55 | Create | Battering Ram |
| 27:58 | Create | Monk |
| 27:58 | Create | Monk |
| 28:13 | Research | Chain Mail Armor |
| 28:13 | Research | Forging |
| 28:30 | Create | Battering Ram |
Build order — MLT | M4G1K
First 150 of 373 actions detected
| 0:01 | Research | Loom |
| 0:03 | Build | House |
| 0:05 | Build | House |
| 0:05 | Create | Villager (Male) |
| 0:05 | Create | Villager (Male) |
| 0:05 | Create | Villager (Male) |
| 1:27 | Create | Villager (Male) |
| 2:10 | Build | Lumber Camp |
| 2:16 | Create | Villager (Male) |
| 2:17 | Create | Villager (Male) |
| 2:17 | Create | Villager (Male) |
| 3:07 | Create | Villager (Male) |
| 3:07 | Create | Villager (Male) |
| 3:24 | Create | Villager (Male) |
| 4:01 | Build | House |
| 4:02 | Build | House |
| 4:15 | Create | Villager (Male) |
| 4:15 | Create | Villager (Male) |
| 4:45 | Create | Villager (Male) |
| 4:46 | Create | Villager (Male) |
| 4:46 | Create | Villager (Male) |
| 4:51 | Build | Mill |
| 5:22 | Create | Villager (Male) |
| 5:55 | Create | Villager (Male) |
| 5:55 | Create | Villager (Male) |
| 5:55 | Create | Villager (Male) |
| 6:08 | Build | Lumber Camp |
| 6:31 | Create | Villager (Male) |
| 6:31 | Create | Villager (Male) |
| 6:31 | Create | Villager (Male) |
| 7:29 | Build | House |
| 7:50 | Build | Mining Camp |
| 8:17 | Research | Feudal Age |
| 8:48 | Build | Barracks |
| 9:10 | Create | Villager (Male) |
| 9:11 | Create | Villager (Male) |
| 10:27 | Age | Feudal Age |
| 10:40 | Build | Archery Range |
| 11:29 | Create | Villager (Male) |
| 11:29 | Create | Villager (Male) |
| 11:34 | Create | Archer |
| 11:34 | Create | Archer |
| 11:40 | Build | Blacksmith |
| 11:47 | Build | House |
| 12:11 | Build | Palisade Wall |
| 12:12 | Create | Archer |
| 12:13 | Create | Archer |
| 12:45 | Build | Archery Range |
| 12:59 | Create | Spearman |
| 12:59 | Create | Spearman |
| 13:29 | Create | Archer |
| 13:29 | Create | Archer |
| 13:37 | Build | Palisade Gate |
| 13:42 | Build | House |
| 13:49 | Build | Palisade Wall |
| 13:50 | Create | Villager (Male) |
| 13:50 | Create | Villager (Male) |
| 14:09 | Create | Archer |
| 14:10 | Create | Archer |
| 14:14 | Build | House |
| 14:20 | Build | House |
| 14:21 | Build | House |
| 15:08 | Build | House |
| 15:53 | Research | Castle Age |
| 15:59 | Create | Spearman |
| 15:59 | Create | Spearman |
| 16:04 | Build | House |
| 16:05 | Build | House |
| 16:06 | Build | House |
| 16:21 | Build | Palisade Wall |
| 17:09 | Build | Palisade Wall |
| 17:18 | Research | Double-Bit Axe |
| 17:25 | Create | Archer ×2 |
| 17:40 | Build | House |
| 18:00 | Create | Villager (Male) |
| 18:33 | Age | Castle Age |
| 18:46 | Build | House |
| 19:25 | Research | Crossbowman (upgrade) |
| 19:34 | Build | Farm |
| 19:39 | Build | Farm |
| 20:13 | Create | Archer |
| 20:14 | Create | Archer |
| 20:14 | Create | Archer |
| 20:14 | Create | Archer |
| 20:14 | Create | Archer |
| 20:14 | Create | Archer |
| 20:16 | Create | Archer |
| 20:17 | Create | Archer |
| 20:17 | Create | Archer |
| 21:01 | Research | Fletching |
| 21:03 | Create | Archer |
| 21:03 | Create | Archer |
| 21:03 | Create | Archer |
| 21:04 | Create | Archer |
| 21:04 | Create | Archer |
| 22:36 | Create | Villager (Male) |
| 22:36 | Create | Villager (Male) |
| 22:36 | Create | Villager (Male) |
| 22:44 | Build | Farm |
| 22:44 | Build | Farm |
| 22:45 | Build | Farm |
| 22:46 | Build | Farm |
| 22:49 | Build | Farm |
| 23:01 | Create | Archer |
| 23:01 | Create | Archer |
| 23:02 | Create | Archer |
| 23:02 | Create | Archer |
| 23:58 | Create | Villager (Male) |
| 23:58 | Create | Villager (Male) |
| 24:07 | Build | Siege Workshop |
| 24:41 | Create | Villager (Male) |
| 24:41 | Create | Villager (Male) |
| 24:41 | Create | Villager (Male) |
| 24:44 | Build | Farm |
| 24:45 | Build | Farm |
| 24:46 | Build | Farm |
| 24:52 | Build | Mill |
| 24:53 | Build | Farm |
| 24:54 | Build | Farm |
| 24:54 | Build | Farm |
| 24:55 | Build | Farm |
| 24:56 | Build | Farm |
| 24:57 | Build | Farm |
| 25:16 | Build | Town Center |
| 25:17 | Create | Villager (Male) |
| 25:27 | Create | Archer |
| 25:28 | Create | Archer |
| 25:29 | Create | Archer |
| 25:29 | Create | Archer |
| 25:29 | Create | Archer |
| 25:30 | Create | Archer |
| 25:30 | Create | Archer |
| 26:04 | Research | Padded Archer Armor |
| 26:09 | Build | Mining Camp |
| 26:38 | Create | Villager (Male) |
| 26:38 | Create | Villager (Male) |
| 26:39 | Create | Villager (Male) |
| 26:39 | Create | Villager (Male) |
| 27:22 | Create | Villager (Male) |
| 27:22 | Create | Villager (Male) |
| 27:22 | Create | Villager (Male) |
| 27:35 | Create | Villager (Male) |
| 27:35 | Create | Villager (Male) |
| 27:35 | Create | Villager (Male) |
| 28:32 | Create | Villager (Male) |
| 28:32 | Create | Villager (Male) |
| 28:33 | Create | Villager (Male) |
| 28:47 | Research | Elite Skirmisher (upgrade) |
| 28:47 | Research | Elite Skirmisher (upgrade) |
| 29:25 | Create | Battering Ram |
Build order — HAHA
First 150 of 292 actions detected
| 0:05 | Build | House |
| 0:06 | Create | Villager (Male) ×4 |
| 1:25 | Build | House |
| 1:41 | Create | Villager (Male) |
| 1:42 | Create | Villager (Male) |
| 2:19 | Create | Villager (Male) |
| 2:52 | Create | Villager (Male) |
| 3:19 | Create | Villager (Male) |
| 3:22 | Build | House |
| 3:47 | Create | Villager (Male) |
| 3:47 | Create | Villager (Male) |
| 4:42 | Create | Villager (Male) |
| 4:58 | Build | Mill |
| 5:02 | Build | Lumber Camp |
| 5:05 | Create | Villager (Male) |
| 5:05 | Create | Villager (Male) |
| 5:27 | Create | Villager (Male) |
| 5:28 | Create | Villager (Male) |
| 5:28 | Create | Villager (Male) |
| 5:57 | Create | Villager (Male) |
| 5:58 | Create | Villager (Male) |
| 5:58 | Create | Villager (Male) |
| 7:55 | Research | Feudal Age |
| 8:03 | Build | Mining Camp |
| 10:05 | Age | Feudal Age |
| 10:09 | Build | Market |
| 10:13 | Build | Blacksmith |
| 11:25 | Research | Castle Age |
| 12:20 | Research | Double-Bit Axe |
| 12:40 | Build | House |
| 13:17 | Build | Farm |
| 14:04 | Create | Villager (Male) |
| 14:05 | Age | Castle Age |
| 14:11 | Build | Monastery |
| 14:24 | Build | Farm |
| 14:28 | Create | Villager (Male) |
| 14:33 | Build | Farm |
| 14:43 | Build | Farm |
| 14:46 | Create | Villager (Male) |
| 14:57 | Build | House |
| 15:03 | Build | Farm |
| 15:15 | Build | Farm |
| 15:22 | Create | Villager (Male) |
| 15:26 | Build | House |
| 15:49 | Create | Villager (Male) |
| 16:03 | Build | Farm |
| 16:12 | Build | Farm |
| 16:17 | Create | Villager (Male) |
| 16:23 | Build | House |
| 16:42 | Build | Farm |
| 16:45 | Create | Villager (Male) |
| 16:56 | Build | Farm |
| 17:04 | Build | Farm |
| 17:11 | Create | Villager (Male) |
| 17:14 | Create | Monk |
| 17:31 | Build | Farm |
| 17:44 | Build | Farm |
| 18:11 | Create | Villager (Male) |
| 18:42 | Build | University |
| 20:05 | Build | Farm |
| 20:23 | Research | Imperial Age |
| 20:23 | Research | Imperial Age |
| 20:33 | Build | Barracks |
| 21:03 | Research | Bow Saw |
| 21:51 | Build | Stable |
| 22:09 | Build | Archery Range |
| 23:07 | Build | Archery Range |
| 23:25 | Create | Villager (Male) |
| 23:25 | Create | Villager (Male) |
| 23:33 | Age | Imperial Age |
| 23:35 | Create | Hand Cannoneer |
| 24:01 | Create | Villager (Male) |
| 24:03 | Create | Hand Cannoneer |
| 24:07 | Create | Hand Cannoneer |
| 24:20 | Create | Hand Cannoneer |
| 24:20 | Create | Hand Cannoneer |
| 24:25 | Create | Villager (Male) |
| 24:36 | Create | Hand Cannoneer |
| 24:36 | Create | Hand Cannoneer |
| 25:10 | Build | Lumber Camp |
| 25:11 | Create | Villager (Male) |
| 25:17 | Create | Hand Cannoneer |
| 25:17 | Create | Hand Cannoneer |
| 25:18 | Build | House |
| 25:19 | Build | House |
| 25:46 | Create | Hand Cannoneer |
| 25:46 | Create | Hand Cannoneer |
| 25:59 | Research | Fletching |
| 26:19 | Create | Hand Cannoneer |
| 26:20 | Create | Hand Cannoneer |
| 26:27 | Build | House |
| 26:44 | Create | Hand Cannoneer |
| 26:44 | Create | Hand Cannoneer |
| 27:00 | Create | Villager (Male) |
| 27:07 | Research | Bodkin Arrow |
| 27:26 | Create | Hand Cannoneer |
| 27:26 | Create | Hand Cannoneer |
| 28:04 | Create | Hand Cannoneer |
| 28:04 | Create | Hand Cannoneer |
| 28:09 | Build | Town Center |
| 28:13 | Build | Town Center |
| 28:16 | Create | Villager (Male) |
| 28:18 | Build | House |
| 28:37 | Research | Wheelbarrow |
| 28:48 | Create | Hand Cannoneer |
| 28:48 | Create | Hand Cannoneer |
| 28:52 | Build | Farm |
| 29:16 | Create | Hand Cannoneer |
| 29:16 | Create | Hand Cannoneer |
| 29:24 | Research | Padded Archer Armor |
| 30:05 | Build | Siege Workshop |
| 30:11 | Create | Villager (Male) |
| 30:11 | Create | Villager (Male) |
| 30:18 | Create | Villager (Male) |
| 30:18 | Create | Villager (Male) |
| 30:26 | Create | Villager (Male) |
| 30:26 | Create | Villager (Male) |
| 30:50 | Create | Villager (Male) |
| 30:53 | Build | Farm |
| 30:55 | Build | Farm |
| 31:11 | Research | Ballistics |
| 31:15 | Build | Farm |
| 31:19 | Create | Villager (Male) |
| 31:23 | Research | Loom |
| 31:28 | Create | Hand Cannoneer |
| 31:28 | Create | Hand Cannoneer |
| 31:34 | Build | House |
| 31:51 | Build | House |
| 31:57 | Create | Hand Cannoneer |
| 31:57 | Create | Hand Cannoneer |
| 32:04 | Research | Leather Archer Armor |
| 32:23 | Create | Villager (Male) |
| 32:23 | Create | Villager (Male) |
| 32:25 | Create | Villager (Male) |
| 32:25 | Create | Villager (Male) |
| 32:28 | Create | Bombard Cannon |
| 32:34 | Create | Hand Cannoneer |
| 32:38 | Create | Villager (Male) |
| 32:38 | Create | Villager (Male) |
| 32:46 | Build | House |
| 32:52 | Build | Farm |
| 32:58 | Create | Hand Cannoneer |
| 33:15 | Build | House |
| 33:22 | Create | Villager (Male) |
| 33:22 | Create | Villager (Male) |
| 33:30 | Build | Farm |
| 33:31 | Create | Villager (Male) |
| 33:36 | Create | Villager (Male) |
| 33:47 | Create | Bombard Cannon |
| 33:56 | Create | Hand Cannoneer |
Build order — gabriel4351
First 150 of 398 actions detected
| 0:02 | Create | Villager (Male) |
| 0:02 | Create | Villager (Male) |
| 0:03 | Create | Villager (Male) |
| 0:03 | Create | Villager (Male) |
| 0:05 | Build | House |
| 0:07 | Build | House |
| 1:26 | Create | Villager (Male) |
| 1:26 | Create | Villager (Male) |
| 2:00 | Create | Villager (Male) |
| 2:00 | Create | Villager (Male) |
| 2:05 | Build | Lumber Camp |
| 2:23 | Create | Villager (Male) |
| 2:54 | Create | Villager (Male) |
| 2:55 | Create | Villager (Male) |
| 3:19 | Create | Villager (Male) |
| 4:05 | Create | Villager (Male) |
| 4:05 | Create | Villager (Male) |
| 4:05 | Create | Villager (Male) |
| 4:06 | Create | Villager (Male) |
| 4:44 | Build | House |
| 5:13 | Create | Villager (Male) |
| 5:13 | Create | Villager (Male) |
| 5:29 | Create | Villager (Male) |
| 5:29 | Create | Villager (Male) |
| 5:59 | Create | Villager (Male) |
| 6:07 | Build | Mill |
| 6:25 | Create | Villager (Male) |
| 6:25 | Create | Villager (Male) |
| 6:52 | Create | Villager (Male) |
| 7:01 | Research | Loom |
| 7:42 | Create | Villager (Male) |
| 7:58 | Build | Lumber Camp |
| 8:07 | Research | Feudal Age |
| 8:20 | Build | House |
| 8:43 | Create | Villager (Male) |
| 9:09 | Build | Barracks |
| 10:05 | Build | House |
| 10:22 | Research | Double-Bit Axe |
| 10:26 | Build | Stable |
| 10:31 | Create | Villager (Male) |
| 10:44 | Build | House |
| 11:15 | Build | Blacksmith |
| 11:19 | Create | Villager (Male) |
| 11:20 | Create | Villager (Male) |
| 11:30 | Create | Scout Cavalry |
| 11:30 | Create | Scout Cavalry |
| 11:36 | Create | Spearman |
| 11:41 | Build | Farm |
| 11:45 | Create | Villager (Male) |
| 12:06 | Build | Farm |
| 12:09 | Build | Farm |
| 12:11 | Create | Villager (Male) |
| 12:17 | Create | Scout Cavalry |
| 12:22 | Build | Farm |
| 12:38 | Create | Scout Cavalry |
| 13:01 | Create | Villager (Male) |
| 13:13 | Create | Scout Cavalry |
| 13:15 | Create | Villager (Male) |
| 13:21 | Build | Farm |
| 13:24 | Build | Farm |
| 13:26 | Create | Villager (Male) |
| 13:34 | Build | Farm |
| 13:45 | Create | Scout Cavalry |
| 13:50 | Create | Spearman |
| 14:04 | Build | Mining Camp |
| 14:24 | Create | Villager (Male) |
| 14:24 | Create | Villager (Male) |
| 14:30 | Build | House |
| 14:31 | Build | House |
| 15:12 | Build | Farm |
| 15:13 | Build | Farm |
| 15:14 | Build | Farm |
| 15:17 | Build | Farm |
| 15:18 | Create | Villager (Male) |
| 15:59 | Build | Farm |
| 16:00 | Create | Villager (Male) |
| 16:03 | Build | House |
| 16:07 | Build | Archery Range |
| 16:15 | Build | Farm |
| 16:17 | Create | Villager (Male) |
| 16:28 | Build | Palisade Wall |
| 16:52 | Build | Farm |
| 16:56 | Build | Farm |
| 17:03 | Create | Villager (Male) |
| 17:10 | Build | Farm |
| 17:37 | Build | House |
| 17:54 | Research | Castle Age |
| 17:55 | Create | Skirmisher |
| 17:56 | Create | Skirmisher |
| 18:27 | Build | Farm |
| 18:49 | Create | Skirmisher |
| 18:49 | Create | Skirmisher |
| 19:19 | Create | Skirmisher |
| 19:34 | Create | Skirmisher |
| 19:43 | Create | Villager (Male) |
| 19:43 | Create | Villager (Male) |
| 19:55 | Create | Skirmisher |
| 20:06 | Research | Fletching |
| 20:07 | Research | Padded Archer Armor |
| 20:37 | Research | Elite Skirmisher (upgrade) |
| 21:05 | Create | Knight |
| 21:05 | Create | Knight |
| 21:33 | Build | Farm |
| 21:34 | Create | Villager (Male) |
| 21:35 | Create | Villager (Male) |
| 21:35 | Create | Villager (Male) |
| 21:39 | Research | Bow Saw |
| 21:59 | Build | Farm |
| 22:30 | Build | Farm |
| 22:38 | Create | Skirmisher |
| 22:38 | Create | Skirmisher |
| 22:53 | Create | Knight |
| 22:53 | Create | Knight |
| 22:57 | Research | Scale Barding Armor |
| 22:58 | Research | Forging |
| 23:03 | Build | Farm |
| 23:07 | Create | Skirmisher |
| 23:07 | Create | Skirmisher |
| 23:20 | Create | Villager (Male) |
| 23:51 | Create | Villager (Male) |
| 23:51 | Create | Villager (Male) |
| 23:51 | Create | Villager (Male) |
| 24:20 | Create | Villager (Male) |
| 24:20 | Create | Villager (Male) |
| 24:26 | Build | Farm |
| 24:44 | Build | Town Center |
| 24:49 | Create | Villager (Male) |
| 24:49 | Create | Villager (Male) |
| 26:07 | Create | Villager (Male) |
| 27:16 | Build | House |
| 27:17 | Build | House |
| 27:22 | Create | Villager (Male) |
| 27:23 | Create | Villager (Male) |
| 27:23 | Create | Villager (Male) |
| 27:28 | Build | Farm |
| 27:30 | Build | Farm |
| 27:31 | Build | Farm |
| 27:44 | Create | Villager (Male) |
| 27:44 | Create | Villager (Male) |
| 27:45 | Create | Villager (Male) |
| 27:53 | Build | Farm |
| 28:02 | Build | Stable |
| 28:19 | Create | Villager (Male) |
| 28:19 | Create | Villager (Male) |
| 28:20 | Create | Villager (Male) |
| 28:35 | Build | Town Center |
| 28:42 | Create | Villager (Male) |
| 28:42 | Create | Villager (Male) |
| 28:47 | Create | Villager (Male) |
| 28:48 | Create | Villager (Male) |
Build order — Soul Ledger
First 150 of 249 actions detected
| 0:03 | Create | Villager (Male) |
| 0:04 | Create | Villager (Male) ×3 |
| 0:06 | Build | House |
| 0:10 | Build | House |
| 1:45 | Create | Villager (Male) |
| 2:14 | Create | Villager (Male) |
| 2:20 | Create | Villager (Male) |
| 2:54 | Create | Villager (Male) |
| 3:30 | Create | Villager (Male) |
| 3:55 | Build | House |
| 4:02 | Create | Villager (Male) |
| 4:03 | Create | Villager (Male) |
| 4:45 | Build | Lumber Camp |
| 4:52 | Create | Villager (Male) |
| 5:04 | Create | Villager (Male) |
| 5:15 | Build | House |
| 5:37 | Build | House |
| 5:49 | Build | Mill |
| 6:04 | Create | Villager (Male) |
| 6:05 | Create | Villager (Male) |
| 6:44 | Create | Villager (Male) |
| 7:04 | Create | Villager (Male) |
| 7:53 | Create | Villager (Male) |
| 7:53 | Create | Villager (Male) |
| 8:23 | Build | Mining Camp |
| 8:48 | Create | Villager (Male) |
| 8:48 | Create | Villager (Male) |
| 9:18 | Build | House |
| 9:53 | Research | Feudal Age |
| 10:39 | Build | House |
| 10:41 | Build | House |
| 10:46 | Build | House |
| 10:56 | Build | Palisade Gate |
| 11:36 | Build | Farm |
| 11:39 | Build | Farm |
| 11:43 | Build | Farm |
| 11:48 | Build | Farm |
| 12:03 | Age | Feudal Age |
| 12:08 | Build | Stable |
| 12:25 | Create | Villager (Male) |
| 12:25 | Create | Villager (Male) |
| 12:44 | Build | Stable |
| 13:14 | Research | Bloodlines |
| 13:15 | Create | Scout Cavalry |
| 13:15 | Create | Scout Cavalry |
| 13:15 | Create | Scout Cavalry |
| 13:25 | Build | Farm |
| 13:30 | Build | Farm |
| 13:34 | Create | Villager (Male) |
| 13:45 | Create | Scout Cavalry ×5 |
| 13:56 | Build | Farm |
| 14:06 | Build | Farm |
| 14:23 | Create | Villager (Male) |
| 15:08 | Create | Villager (Male) |
| 15:11 | Build | Mining Camp |
| 15:23 | Build | Farm |
| 15:29 | Build | Farm |
| 15:39 | Create | Villager (Male) |
| 15:53 | Build | Farm |
| 16:01 | Build | Farm |
| 16:38 | Create | Villager (Male) |
| 16:47 | Build | Farm |
| 17:17 | Build | Farm |
| 17:35 | Research | Castle Age |
| 18:29 | Research | Horse Collar |
| 18:34 | Research | Double-Bit Axe |
| 18:50 | Create | Villager (Male) |
| 18:53 | Research | Gold Mining |
| 19:37 | Research | Loom |
| 20:15 | Age | Castle Age |
| 20:23 | Research | Husbandry |
| 20:24 | Create | Knight ×4 |
| 20:34 | Create | Villager (Male) |
| 20:38 | Create | Villager (Male) |
| 20:48 | Build | Town Center |
| 21:43 | Create | Villager (Male) |
| 21:44 | Create | Villager (Male) |
| 21:47 | Build | Farm |
| 21:51 | Build | Farm |
| 21:58 | Create | Knight |
| 22:03 | Create | Villager (Male) ×4 |
| 22:16 | Build | Town Center |
| 22:24 | Create | Knight |
| 22:44 | Build | Farm |
| 23:03 | Build | House |
| 23:04 | Build | House |
| 23:06 | Build | House |
| 23:07 | Build | House |
| 23:14 | Create | Villager (Male) |
| 23:15 | Create | Villager (Male) |
| 23:28 | Create | Knight ×2 |
| 23:36 | Build | Farm |
| 23:46 | Build | Farm |
| 24:01 | Build | Farm |
| 24:07 | Create | Villager (Male) |
| 24:09 | Create | Villager (Male) |
| 24:11 | Create | Villager (Male) |
| 24:11 | Create | Villager (Male) |
| 24:12 | Create | Villager (Male) |
| 24:17 | Create | Villager (Male) ×2 |
| 25:16 | Create | Knight ×4 |
| 25:51 | Create | Knight ×2 |
| 26:39 | Create | Knight ×3 |
| 27:35 | Create | Knight ×3 |
| 28:00 | Create | Knight ×2 |
| 28:00 | Create | Villager (Male) ×5 |
| 28:08 | Build | Farm |
| 28:09 | Build | Farm |
| 28:11 | Create | Villager (Male) |
| 28:12 | Create | Villager (Male) |
| 28:25 | Build | Castle |
| 30:23 | Build | Castle |
| 30:49 | Build | Castle |
| 30:53 | Create | Knight ×5 |
| 30:53 | Create | Knight ×5 |
| 30:53 | Create | Knight ×3 |
| 31:19 | Build | Farm |
| 31:20 | Build | Farm |
| 31:21 | Build | Farm |
| 31:23 | Build | Farm |
| 31:24 | Build | Farm |
| 31:25 | Build | Farm |
| 31:27 | Create | Villager (Male) |
| 31:27 | Create | Villager (Male) |
| 31:27 | Create | Villager (Male) |
| 31:27 | Create | Villager (Male) |
| 31:28 | Create | Villager (Male) |
| 31:28 | Create | Villager (Male) |
| 32:03 | Build | Mining Camp |
| 32:23 | Create | Ballista Elephant ×3 |
| 33:18 | Build | Barracks |
| 33:19 | Build | Barracks |
| 33:20 | Build | Barracks |
| 33:22 | Build | Barracks |
| 33:23 | Create | Villager (Male) ×5 |
| 33:27 | Build | Mill |
| 33:28 | Build | Farm |
| 33:29 | Build | Farm |
| 33:30 | Build | Farm |
| 33:32 | Build | Farm |
| 33:33 | Build | Farm |
| 33:36 | Build | Farm |
| 34:07 | Create | Ballista Elephant |
| 34:08 | Create | Ballista Elephant |
| 34:08 | Create | Ballista Elephant |
| 34:35 | Build | Farm |
| 34:36 | Create | Villager (Male) |
| 34:37 | Create | Villager (Male) |
| 34:37 | Create | Villager (Male) |
| 34:37 | Create | Villager (Male) |
Build order — SJT
First 150 of 392 actions detected
| 0:02 | Create | Villager (Male) |
| 0:02 | Create | Villager (Male) |
| 0:02 | Create | Villager (Male) |
| 0:02 | Create | Villager (Male) |
| 0:03 | Create | Villager (Male) |
| 0:05 | Build | House |
| 0:09 | Build | House |
| 1:42 | Create | Villager (Male) |
| 1:51 | Build | Lumber Camp |
| 2:16 | Create | Villager (Male) |
| 2:33 | Create | Villager (Male) |
| 3:05 | Create | Villager (Male) |
| 3:18 | Create | Villager (Male) |
| 3:50 | Build | House |
| 3:52 | Create | Villager (Male) |
| 4:23 | Create | Villager (Male) |
| 4:36 | Create | Villager (Male) |
| 5:04 | Create | Villager (Male) |
| 5:25 | Build | Mill |
| 5:28 | Create | Villager (Male) |
| 6:11 | Create | Villager (Male) |
| 6:27 | Create | Villager (Male) |
| 6:36 | Create | Villager (Male) |
| 6:38 | Research | Loom |
| 7:50 | Research | Feudal Age |
| 8:04 | Build | Lumber Camp |
| 8:08 | Create | Villager (Male) |
| 8:34 | Build | Barracks |
| 8:36 | Build | House |
| 9:26 | Build | Mill |
| 9:29 | Create | Villager (Male) |
| 10:01 | Age | Feudal Age |
| 10:08 | Research | Double-Bit Axe |
| 10:31 | Create | Villager (Male) |
| 10:42 | Build | Stable |
| 10:55 | Create | Villager (Male) |
| 11:00 | Build | House |
| 11:11 | Create | Spearman |
| 11:13 | Create | Villager (Male) |
| 11:16 | Build | Farm |
| 11:21 | Create | Villager (Male) |
| 11:37 | Build | House |
| 11:38 | Build | House |
| 11:47 | Create | Scout Cavalry |
| 11:49 | Create | Scout Cavalry |
| 11:50 | Create | Villager (Male) |
| 11:59 | Build | Farm |
| 12:03 | Build | Farm |
| 12:15 | Create | Villager (Male) |
| 12:18 | Build | Farm |
| 12:43 | Build | Farm |
| 12:45 | Create | Villager (Male) |
| 12:50 | Build | Farm |
| 13:01 | Build | Farm |
| 13:04 | Create | Villager (Male) |
| 13:05 | Create | Scout Cavalry |
| 13:32 | Create | Villager (Male) |
| 13:34 | Create | Scout Cavalry |
| 13:46 | Build | Farm |
| 13:57 | Build | Farm |
| 14:12 | Build | Mining Camp |
| 14:13 | Create | Villager (Male) |
| 14:35 | Create | Villager (Male) |
| 14:41 | Create | Scout Cavalry |
| 14:49 | Create | Villager (Male) |
| 15:12 | Create | Villager (Male) |
| 16:07 | Create | Villager (Male) |
| 16:17 | Build | Blacksmith |
| 16:21 | Build | Farm |
| 16:22 | Build | Farm |
| 16:37 | Create | Villager (Male) |
| 16:58 | Build | Farm |
| 17:01 | Build | Farm |
| 17:04 | Build | Farm |
| 17:07 | Build | Farm |
| 17:10 | Build | Farm |
| 17:11 | Create | Villager (Male) |
| 17:20 | Build | Farm |
| 17:28 | Build | House |
| 17:29 | Build | House |
| 17:37 | Build | Farm |
| 17:42 | Build | Farm |
| 17:43 | Create | Villager (Male) |
| 17:59 | Research | Castle Age |
| 18:12 | Build | Stable |
| 18:14 | Build | Stable |
| 18:31 | Create | Villager (Male) |
| 18:59 | Research | Scale Barding Armor |
| 19:21 | Research | Forging |
| 20:08 | Build | Stable |
| 20:48 | Age | Castle Age |
| 20:51 | Create | Knight |
| 20:51 | Create | Knight |
| 20:52 | Create | Knight |
| 20:54 | Create | Knight |
| 20:55 | Create | Villager (Male) |
| 21:09 | Build | Town Center |
| 21:18 | Create | Villager (Male) |
| 21:25 | Create | Knight |
| 21:26 | Create | Knight |
| 21:27 | Create | Knight |
| 21:38 | Create | Knight |
| 21:40 | Create | Villager (Male) |
| 21:55 | Build | House |
| 21:56 | Build | House |
| 21:57 | Build | House |
| 21:59 | Build | House |
| 22:04 | Create | Villager (Male) |
| 22:06 | Create | Knight |
| 22:06 | Create | Knight |
| 22:39 | Create | Knight |
| 23:21 | Create | Villager (Male) |
| 23:22 | Create | Villager (Male) |
| 23:22 | Create | Villager (Male) |
| 23:23 | Create | Knight |
| 23:23 | Create | Knight |
| 23:24 | Create | Knight |
| 23:24 | Create | Knight |
| 23:25 | Create | Villager (Male) |
| 23:41 | Build | Town Center |
| 23:45 | Create | Villager (Male) |
| 23:55 | Create | Knight |
| 23:55 | Create | Knight |
| 23:57 | Create | Villager (Male) |
| 25:00 | Create | Villager (Male) |
| 25:00 | Create | Villager (Male) |
| 25:01 | Create | Knight |
| 25:01 | Create | Knight |
| 25:10 | Create | Villager (Male) |
| 25:11 | Create | Knight |
| 25:49 | Create | Villager (Male) |
| 25:50 | Create | Villager (Male) |
| 25:50 | Create | Villager (Male) |
| 25:50 | Create | Knight |
| 25:51 | Create | Knight |
| 25:51 | Create | Knight |
| 25:51 | Create | Knight |
| 26:09 | Create | Villager (Male) |
| 26:10 | Create | Knight |
| 26:10 | Create | Knight |
| 26:33 | Create | Villager (Male) |
| 26:38 | Create | Villager (Male) |
| 26:40 | Build | Farm |
| 26:41 | Build | Blacksmith |
| 26:46 | Build | Farm |
| 26:47 | Build | Farm |
| 26:48 | Build | Farm |
| 26:49 | Create | Villager (Male) |
| 26:53 | Build | House |
| 26:56 | Build | House |
Match timeline
| 7:43 | John Wick Jr. · first_building Barracks |
| 8:34 | SJT · first_building Barracks |
| 8:48 | MLT | M4G1K · first_building Barracks |
| 9:09 | gabriel4351 · first_building Barracks |
| 9:14 | HighTower · wall_segment Palisade Wall x4 |
| 10:01 | SJT · age_up feudal |
| 10:05 | HAHA · age_up feudal |
| 10:26 | gabriel4351 · first_building Stable |
| 10:27 | MLT | M4G1K · age_up feudal |
| 10:40 | MLT | M4G1K · first_building Archery Range |
| 10:42 | SJT · first_building Stable |
| 10:53 | zenobi · first_building Barracks |
| 11:13 | HAHA · first_market_buy 100 food |
| 11:15 | HAHA · first_market_sell 100 wood |
| 11:24 | HighTower · age_up feudal |
| 11:38 | zenobi · age_up feudal |
| 12:00 | HighTower · first_building Barracks |
| 12:03 | Soul Ledger · age_up feudal |
| 12:08 | Soul Ledger · first_building Stable |
| 12:11 | MLT | M4G1K · wall_segment Palisade Wall x1 |
| 12:35 | John Wick Jr. · age_up feudal |
| 12:54 | John Wick Jr. · first_building Archery Range |
| 13:05 | HighTower · first_building Archery Range |
| 13:49 | MLT | M4G1K · wall_segment Palisade Wall x1 |
| 14:05 | HAHA · age_up castle |
| 14:11 | HAHA · first_building Monastery |
| 16:07 | gabriel4351 · first_building Archery Range |
| 16:16 | zenobi · age_up castle |
| 16:21 | MLT | M4G1K · wall_segment Palisade Wall x5 |
| 16:28 | gabriel4351 · wall_segment Palisade Wall x1 |
| 17:09 | MLT | M4G1K · wall_segment Palisade Wall x1 |
| 17:09 | HighTower · wall_segment Stone Wall x4 |
| 17:17 | HighTower · age_up castle |
| 18:24 | HighTower · first_building Monastery |
| 18:33 | MLT | M4G1K · age_up castle |
| 19:37 | HighTower · first_building Siege Workshop |
| 20:15 | Soul Ledger · age_up castle |
| 20:33 | HAHA · first_building Barracks |
| 20:35 | John Wick Jr. · wall_segment Stone Wall x4 |
| 20:48 | SJT · age_up castle |
| 21:26 | John Wick Jr. · wall_segment Stone Wall x1 |
| 21:51 | HAHA · first_building Stable |
| 22:05 | John Wick Jr. · age_up castle |
| 22:09 | HAHA · first_building Archery Range |
| 22:12 | John Wick Jr. · first_building Siege Workshop |
| 23:33 | HAHA · age_up imperial |
| 24:07 | MLT | M4G1K · first_building Siege Workshop |
| 26:45 | zenobi · first_market_sell 100 wood |
| 26:47 | zenobi · first_market_buy 100 stone |
| 27:16 | zenobi · first_building Castle |
| 28:25 | Soul Ledger · first_building Castle |
| 30:05 | HAHA · first_building Siege Workshop |
| 32:54 | zenobi · tribute_sent a jugador 2 |
| 32:54 | zenobi · tribute_sent a jugador 3 |
| 32:54 | zenobi · tribute_sent a jugador 4 |
| 32:54 | zenobi · tribute_sent a jugador 5 |
| 32:54 | zenobi · tribute_sent a jugador 6 |
| 32:54 | zenobi · tribute_sent a jugador 7 |
| 32:54 | zenobi · tribute_sent a jugador 8 |
| 33:18 | Soul Ledger · first_building Barracks |
| 33:49 | HighTower · first_market_buy 100 wood |
| 34:04 | zenobi · first_building Stable |
| 34:57 | HighTower · age_up imperial |
| 35:59 | gabriel4351 · first_building Castle |
| 36:31 | John Wick Jr. · first_building Castle |
| 36:41 | zenobi · age_up imperial |
| 37:22 | SJT · first_market_sell 100 wood |
| 37:42 | gabriel4351 · first_building Monastery |
| 37:48 | SJT · first_building Monastery |
| 38:08 | HighTower · first_building Castle |
| 39:10 | MLT | M4G1K · first_market_buy 100 food |
| 39:18 | MLT | M4G1K · first_market_sell 100 wood |
| 39:44 | SJT · first_building Castle |
| 40:51 | Soul Ledger · wall_segment Stone Wall x64 |
| 41:26 | Soul Ledger · first_building Siege Workshop |
| 41:43 | SJT · age_up imperial |
| 42:50 | MLT | M4G1K · age_up imperial |
| 44:05 | Soul Ledger · age_up imperial |
| 44:56 | gabriel4351 · first_building Siege Workshop |
| 45:40 | Soul Ledger · tribute_sent a jugador 1 |
| 45:40 | Soul Ledger · tribute_sent a jugador 2 |
| 45:40 | Soul Ledger · tribute_sent a jugador 3 |
| 45:40 | Soul Ledger · tribute_sent a jugador 4 |
| 45:40 | Soul Ledger · tribute_sent a jugador 5 |
| 45:40 | Soul Ledger · tribute_sent a jugador 6 |
| 45:40 | Soul Ledger · tribute_sent a jugador 8 |
| 46:41 | Soul Ledger · first_market_sell 500 food |
| 48:15 | MLT | M4G1K · first_building Castle |
| 51:05 | Soul Ledger · resign |
[ AI ANALYSIS · 1 CREDIT ]
What really happened in this match?
Wolo.gg analyzes every decision: build order, eco, micro, common mistakes by bracket. Personalized analysis on WhatsApp or Discord in 30 seconds.
Civ guide
Italians
Perfil
Jugador #481796